 Dungeon Crawl Stone Soup version 0.22.1-2-g9c5b331383 (webtiles) character file.

160 McIrco the Sneak (level 5, -4/38 HPs)
             Began as a Vampire Assassin on Jan 6, 2019.
             Killed from afar by an orc wizard (10 damage)
             ... with a magic dart
             ... on level 3 of the Dungeon.
             The game lasted 00:06:17 (5600 turns).

McIrco the Sneak (Vampire Assassin)                 Turns: 5600, Time: 00:06:18

Health: -4/38      AC:  4    Str: 10    XL:     5   Next: 17%
Magic:  5/5        EV: 13    Int: 14    God:
Gold:   115        SH:  0    Dex: 16    Spells: 4/4 levels left

rFire    . . .     SeeInvis +   a - +2 dagger
rCold    + + .     Gourm    .   (no shield)
rNeg     + + +     Faith    .   c - +0 robe
rPois    ∞         Spirit   .   (no helmet)
rElec    .         Reflect  .   m - +1 cloak
rCorr    .         Harm     .   (no gloves)
MR       .....                  (no boots)
Stlth    ++++++....             (no amulet)
HPRegen  0.00/turn              (no ring)
MPRegen  0.09/turn              (no ring)

@: bloodless, non-regenerating
A: fangs 3, see invisible, unbreathing
a: Bat Form


You were on level 3 of the Dungeon.
You were bloodless.

You visited 1 branch of the dungeon, and saw 3 of its levels.

You collected 115 gold pieces.

Inventory:

Hand Weapons
 a - a +2 dagger (weapon)
 b - a +0 blowgun
Missiles
 e - 41 poisoned needles
 f - 9 curare-tipped needles
 q - 4 tomahawks (quivered)
Armour
 c - a +0 robe (worn)
 d - a +0 cloak
 m - a +1 cloak (worn)
Scrolls
 h - a scroll of enchant armour
 i - 2 scrolls of identify
 k - a scroll of fear {unknown}
 l - a scroll of teleportation
 r - a scroll of immolation {unknown}
Potions
 g - 18 potions of blood
 j - 2 potions of flight
 n - a potion of cancellation {unknown}
 o - a potion of curing {unknown}
 p - a potion of heal wounds {unknown}


   Skills:
 + Level 2.2 Fighting
 + Level 3.5 Short Blades
 + Level 1.6 Throwing
 * Level 2.5 Dodging
 + Level 7.9 Stealth


You had 4 spell levels left.
You didn't know any spells.
Your spell library was empty.

Dungeon Overview and Level Annotations

Branches:
Dungeon (3/15)

Altars:
Wu Jian
Yredelemnul


Innate Abilities, Weirdness & Mutations

You do not heal naturally.
You are immune to poison.
You have razor-sharp teeth.
You have supernaturally acute eyesight. (SInv)
You can survive without breathing.


Message History

The orc wizard is heavily wounded.
The orc wizard closely misses you.
Unknown command.
You hit the orc wizard.
The orc wizard is heavily wounded.
The orc hits you with a whip. The orc wizard misses you.
Unknown command.
You hit the orc wizard but do no damage.
You bite the orc wizard, but do no damage.
The orc wizard is heavily wounded.
The orc wizard hits you but does no damage.
The orc hits you with a whip.
* * * LOW HITPOINT WARNING * * *
The orc wizard hits you but does no damage.
Unknown command.
You barely miss the orc. The orc hits you with a whip.
* * * LOW HITPOINT WARNING * * *
The orc wizard casts a spell at you. The magic dart hits you!
You die...

.#.# ...# .. ...# #.#
...# #.# †..# ###.###
#.## #.....# #..#
#.....### ##.#
#....)o.# ##.#
#.....#@# .#.#
##.....#o#
...######.......o#
..................('...
......###.###...#.##o((
.#.#).# #.# #..#.## <
##.#..# #.# #..###
#..#..# #.# #..#
#.##..# #.. ...#


You could see an orc wizard and 2 orcs.

Vanquished Creatures
  Natasha (D:3)
  3 adders
  3 oozes
  2 worms
  2 dart slugs
  5 leopard geckos
  3 orcs (D:3)
  3 ball pythons
  5 giant cockroaches
  3 goblins
  13 hobgoblins
  7 jackals
  7 kobolds
  2 quokkas (D:2)
  6 bats
  2 frilled lizards
  7 rats
74 creatures vanquished.

Notes
Turn   | Place    | Note
-------+----------+-------------------------------------------
     0 | D:1      | McIrco the Vampire Assassin began the quest for the Orb.
     0 | D:1      | Reached XP level 1. HP: 16/16 MP: 1/1
  2300 | D:1      | Reached skill level 6 in Stealth
  2480 | D:1      | Reached XP level 2. HP: 22/22 MP: 2/2
  3163 | D:1      | Reached XP level 3. HP: 27/27 MP: 3/3
  3196 | D:1      | Reached skill level 7 in Stealth
  4744 | D:2      | Reached XP level 4. HP: 33/33 MP: 4/4
  4774 | D:2      | Found an ornate altar of the Wu Jian Council.
  5176 | D:3      | Found a faded altar of an unknown god.
  5243 | D:3      | Noticed Natasha
  5247 | D:3      | Killed Natasha
  5400 | D:3      | Reached XP level 5. HP: 38/38 MP: 5/5
  5427 | D:3      | Found a basalt altar of Yredelemnul.
  5600 | D:3      | Killed from afar by an orc wizard

Skill      XL: |  1  2  3  4 |
---------------+-------------+-----
Stealth        | 6 7 |  7.9
Dodging        | 2 |  2.5
Short Blades   | 3 |  3.5
Fighting       | 2 |  2.2
Throwing       | |  1.6

Action                   |  1- 3 |  4- 6 || total
-------------------------+-------+-------++-------
Melee: Dagger            |   109 |    82 ||   191
       Bite              |     6 |     7 ||    13
 Fire: Blowgun           |       |     5 ||     5
  Use: Scroll            |       |     6 ||     6
 Stab: Sleeping          |    23 |    14 ||    37
       Distracted        |       |     1 ||     1
  Eat: Corpse            |     3 |       ||     3
Armor: Robe              |    22 |    14 ||    36
       Scale mail        |       |     3 ||     3
Dodge: Dodged            |    70 |    37 ||   107
